 Dungeon Crawl Stone Soup version 0.31.0-12-g77e489cdc1 (webtiles) character file.

Game seed: 16391444726280281562

8 Silvore the Trooper (level 2, 0/24 HPs)
             Began as a Demonspawn Fighter on Feb 14, 2024.
             Slain by a jackal (2 damage)
             ... on level 2 of the Dungeon.
             The game lasted 00:00:19 (246 turns).

Silvore the Trooper (Demonspawn Fighter)             Turns: 246, Time: 00:00:20

Health: 0/24       AC: 10    Str: 16    XL:     2   Next: 0%
Magic:  2/2        EV:  8    Int:  8    God:
Gold:   6          SH:  4    Dex: 12    Spells: 1/1 levels left

rFire   . . .        a - +0 long sword
rCold   . . .        c - +0 buckler
rNeg    . . .        b - +0 scale mail
rPois   .            (no helmet)
rElec   .            (no cloak)
rCorr   .            (no gloves)
SInv    .            (no boots)
Will    .....        (no amulet) Stlth
                     f - +4 ring of protection
HPRegen 0.24/turn    (no ring)
MPRegen 0.16/turn

%: no passive effects
@: no status effects
A: magic regeneration
a: no special abilities


You were on level 2 of the Dungeon.
You visited 1 branch of the dungeon, and saw 2 of its levels.

You collected 6 gold pieces.

Inventory:

Hand Weapons
 a - a +0 long sword (weapon)
Armour
 b - a +0 scale mail (worn)
 c - a +0 buckler (worn)
Jewellery
 f - a +4 ring of protection (left hand)
Potions
 d - a potion of might
 e - a potion of attraction {unknown}
 g - a potion of mutation {unknown}


   Skills:
 + Level 3.2 Fighting
 + Level 1.8 Long Blades
 + Level 2.8 Armour
 + Level 2.8 Shields


You had one spell level left.
You didn't know any spells.
Your spell library was empty.

Dungeon Overview and Level Annotations

Branches:
Dungeon (2/15)

Altars:


Innate Abilities, Weirdness & Mutations

You regenerate magic rapidly.


Message History

The jackal bites you but does no damage. x2
The jackal barely misses you. You block the jackal's attack.
The goblin barely misses you. You block the jackal's attack.
The jackal bites you but does no damage. x2
The goblin misses you. The jackal closely misses you.
The jackal barely misses you. You block the jackal's attack.
The jackal bites you but does no damage.
The goblin hits you but does no damage.
The jackal bites you but does no damage.
You block the jackal's attack. The jackal bites you.
The jackal closely misses you. The jackal barely misses you.
The goblin hits you but does no damage.
The jackal bites you but does no damage.
The jackal barely misses you.
The jackal bites you but does no damage.
You block the goblin's attack. The jackal bites you.
You block the jackal's attack. The jackal closely misses you.
You block the jackal's attack.
The jackal bites you but does no damage. x2
The goblin hits you with a +0 club.
* * * LOW HITPOINT WARNING * * *
The jackal bites you but does no damage.
You block the jackal's attack. x2; The goblin hits you with a +0 club.
* * * LOW HITPOINT WARNING * * *
The jackal closely misses you. You block the jackal's attack.
The jackal closely misses you.
The jackal bites you but does no damage.
The goblin closely misses you.
The jackal bites you but does no damage. x2
The jackal bites you but does no damage. x3
The goblin hits you but does no damage.
The jackal bites you but does no damage.
The jackal bites you.
* * * LOW HITPOINT WARNING * * *
The jackal closely misses you. The goblin barely misses you.
The jackal bites you but does no damage.
The jackal bites you.
You die...

## # .. .#
##.##.##
#?.....#
#......#
..#####.h....#
.......@hS...#
...####gh....#
.h.....#
.#!.......
.#......... ..
......... ..
......... #.
...#.#.###


You could see 4 jackals, a goblin and a ball python.

Vanquished Creatures
  A dart slug (D:1)
  A goblin (D:1)
  2 kobolds (D:1)
  A quokka (D:1)
  A bat (D:1)
6 creatures vanquished.

Notes
Turn   | Place    | Note
-------+----------+-------------------------------------------
     0 | D:1      | Silvore the Demonspawn Fighter began the quest for the Orb.
     0 | D:1      | Reached XP level 1. HP: 18/18 MP: 1/1
   179 | D:1      | Gained mutation: You regenerate magic rapidly. [demonic
                  | ancestry]
   179 | D:1      | Reached XP level 2. HP: 23/24 MP: 2/2
   246 | D:2      | Slain by a jackal

Illustrated notes

Levels and vault maps discovered:
D:1:      lightli_arrival_flooded_house, layout_basic, minmay_worlds_worst_comb
D:2:      layout_rooms, basic_altar

Action                     || total
---------------------------++-------
  Melee: Long sword        ||    14
 Armour: Scale mail        ||   112
  Dodge: Dodged            ||    68
  Block: Buckler           ||    36
